TOP OF THE 1ST |
Monroe Mallards batting - Pitching for Santa Clarita Music : LHP Jorge Gatán
|
Pitching: LHP Jorge Gatán
|
|
Batting: RHB Stephen Black
|
0-0: Ball 1-0: Swinging Strike 1-1: Ball Error on foul ball, E9 2-2: Ball 3-2: Strikes out looking
|
Batting: RHB Dave Sawyer
|
0-0: Ball 1-0: Swinging Strike 1-1: Called Strike 1-2: Strikes out looking
|
Batting: LHB Allen Boyd
|
0-0: Called Strike 0-1: Ball 1-1: Foul Ball, location: 2F 1-2: Foul Ball, location: 2F 1-2: Foul Ball, location: 2F 1-2: Foul Ball, location: 2F 1-2: Ground out 4-3 (Groundball, 4)
|
Top of the 1st over - 0 run(s), 0 hit(s), 1 error(s), 0 left on base; Monroe 0 - Santa Clarita 0 |
BOTTOM OF THE 1ST |
Santa Clarita Music batting - Pitching for Monroe Mallards : RHP Stan Roberts
|
Pitching: RHP Stan Roberts
|
|
Batting: RHB Luis Suárez
|
0-0: Called Strike 0-1: Ball 1-1: Ball 2-1: Foul Ball, location: 2F 2-2: Strikes out swinging
|
Batting: RHB António Martínez
|
0-0: Ball 1-0: Called Strike 1-1: Foul Ball, location: 2F 1-2: Strikes out swinging
|
Batting: RHB Rickey Núñez
|
0-0: Foul Ball, location: 2F 0-1: Foul Ball, location: 2F 0-2: Ball 1-2: Ball 2-2: Ground out 6-3 (Groundball, 56)
|
Bottom of the 1st over - 0 run(s), 0 hit(s), 0 error(s), 0 left on base; Monroe 0 - Santa Clarita 0 |
TOP OF THE 2ND |
Monroe Mallards batting - Pitching for Santa Clarita Music : LHP Jorge Gatán
|
Batting: RHB Cisco López
|
0-0: Called Strike 0-1: Foul Ball, location: 2F 0-2: Ball 1-2: Foul Ball, location: 2F 1-2: Strikes out swinging
|
Batting: LHB Frank Byrd
|
0-0: Ball 1-0: Foul Ball, location: 2F 1-1: Fly out, F8 (Flyball, 89D)
|
Batting: LHB Ramón Ortega
|
0-0: Ball 1-0: Ground out 4-3 (Groundball, 4)
|
Top of the 2nd over - 0 run(s), 0 hit(s), 0 error(s), 0 left on base; Monroe 0 - Santa Clarita 0 |
BOTTOM OF THE 2ND |
Santa Clarita Music batting - Pitching for Monroe Mallards : RHP Stan Roberts
|
Batting: LHB Francisco Blanco
|
0-0: SINGLE (Line Drive, 34)
|
Batting: SHB Stan Gómez
|
0-0: Ball 1-0: Called Strike 1-1: Fly out, F7 (Flyball, 7)
|
Batting: LHB Ben Donaldson
|
0-0: Ball 1-0: Ball 2-0: Ball 3-0: Called Strike 3-1: Base on Balls Francisco Blanco to second
|
Batting: SHB Pedro Rodríguez
|
0-0: Called Strike Francisco Blanco steals 3rd base Ben Donaldson to second 0-1: Swinging Strike 0-2: Ball 1-2: Ball 2-2: Strikes out looking
|
Batting: RHB Tony Collier
|
0-0: Ball 1-0: Called Strike 1-1: Foul Ball, location: 2F 1-2: Ball 2-2: Fly out, F4 (Line Drive, 4M)
|
Bottom of the 2nd over - 0 run(s), 1 hit(s), 0 error(s), 2 left on base; Monroe 0 - Santa Clarita 0 |
TOP OF THE 3RD |
Monroe Mallards batting - Pitching for Santa Clarita Music : LHP Jorge Gatán
|
Batting: RHB Jorge Vázquez
|
0-0: Ball 1-0: Ball 2-0: Foul Ball, location: 2F 2-1: Swinging Strike 2-2: Foul Ball, location: 2F 2-2: Fly out, F4 (Popup, 34D)
|
Batting: SHB António Cervantes
|
0-0: Ground out 6-3 (Groundball, 6)
|
Batting: RHB Héctor Vega
|
0-0: Foul Ball, location: 2F 0-1: Ball 1-1: Ground out 6-3 (Groundball, 6M)
|
Top of the 3rd over - 0 run(s), 0 hit(s), 0 error(s), 0 left on base; Monroe 0 - Santa Clarita 0 |
BOTTOM OF THE 3RD |
Santa Clarita Music batting - Pitching for Monroe Mallards : RHP Stan Roberts
|
Batting: RHB Sebastião Batissela
|
0-0: Swinging Strike 0-1: Called Strike 0-2: Ball 1-2: Foul Ball, location: 2F 1-2: Ground out 4-3 (Groundball, 34)
|
Batting: RHB Luis Suárez
|
0-0: Ball 1-0: Called Strike 1-1: Swinging Strike 1-2: Foul Ball, location: 2F 1-2: Ball 2-2: Foul Ball, location: 2F 2-2: Ball 3-2: Strikes out looking
|
Batting: RHB António Martínez
|
0-0: Fly out, F9 (Line Drive, 89M)
|
Bottom of the 3rd over - 0 run(s), 0 hit(s), 0 error(s), 0 left on base; Monroe 0 - Santa Clarita 0 |
TOP OF THE 4TH |
Monroe Mallards batting - Pitching for Santa Clarita Music : LHP Jorge Gatán
|
Batting: RHB Stephen Black
|
0-0: Ball 1-0: Ball 2-0: Foul Ball, location: 2F 2-1: Swinging Strike 2-2: Strikes out swinging
|
Batting: RHB Dave Sawyer
|
0-0: Called Strike 0-1: Fly out, F9 (Flyball, 9S)
|
Batting: LHB Allen Boyd
|
0-0: Ball 1-0: DOUBLE (Flyball, 89M)
|
Batting: RHB Cisco López
|
0-0: DOUBLE (Flyball, 78M) Allen Boyd scores
|
Batting: LHB Frank Byrd
|
0-0: Ball 1-0: Called Strike 1-1: Ball 2-1: Ball 3-1: Base on Balls
|
Batting: LHB Ramón Ortega
|
0-0: Called Strike 0-1: Ball 1-1: Ball 2-1: SINGLE (Flyball, 7S) Cisco López to third Frank Byrd to second
|
Batting: RHB Jorge Vázquez
|
0-0: Foul Ball, location: 2F 0-1: Ball 1-1: Called Strike 1-2: Fielders Choice at 2nd, 6-4 (Groundball, 6)
|
Top of the 4th over - 1 run(s), 3 hit(s), 0 error(s), 2 left on base; Monroe 1 - Santa Clarita 0 |
BOTTOM OF THE 4TH |
Santa Clarita Music batting - Pitching for Monroe Mallards : RHP Stan Roberts
|
Batting: RHB Rickey Núñez
|
0-0: Ball 1-0: Foul Ball, location: 2F 1-1: Foul Ball, location: 2F 1-2: SINGLE (Groundball, 13) (infield hit)
|
Batting: LHB Francisco Blanco
|
0-0: Ball 1-0: Ball 2-0: Ground out 4-3 (Groundball, 34) Rickey Núñez to second
|
Batting: SHB Stan Gómez
|
0-0: Ball 1-0: Called Strike 1-1: Foul Ball, location: 2F 1-2: Foul Ball, location: 2F 1-2: Fly out, F8 (Flyball, 8LM)
|
Batting: LHB Ben Donaldson
|
0-0: Ground out 4-3 (Groundball, 4)
|
Bottom of the 4th over - 0 run(s), 1 hit(s), 0 error(s), 1 left on base; Monroe 1 - Santa Clarita 0 |
TOP OF THE 5TH |
Monroe Mallards batting - Pitching for Santa Clarita Music : LHP Jorge Gatán
|
Batting: SHB António Cervantes
|
0-0: Ball 1-0: Called Strike 1-1: Swinging Strike 1-2: Strikes out looking
|
Batting: RHB Héctor Vega
|
0-0: Called Strike 0-1: DOUBLE (Line Drive, 9LM)
|
Batting: RHB Stephen Black
|
0-0: Called Strike 0-1: Ball 1-1: Swinging Strike 1-2: Strikes out looking
|
Batting: RHB Dave Sawyer
|
0-0: Called Strike 0-1: Ground out 6-3 (Groundball, 6)
|
Top of the 5th over - 0 run(s), 1 hit(s), 0 error(s), 1 left on base; Monroe 1 - Santa Clarita 0 |
BOTTOM OF THE 5TH |
Santa Clarita Music batting - Pitching for Monroe Mallards : RHP Stan Roberts
|
Batting: SHB Pedro Rodríguez
|
0-0: Ball 1-0: Called Strike 1-1: Ground out 4-3 (Groundball, 34)
|
Batting: RHB Tony Collier
|
0-0: Called Strike 0-1: Ground out 6-3 (Groundball, 56)
|
Batting: RHB Sebastião Batissela
|
0-0: Called Strike 0-1: Ball 1-1: Fly out, F8 (Flyball, 8LD)
|
Bottom of the 5th over - 0 run(s), 0 hit(s), 0 error(s), 0 left on base; Monroe 1 - Santa Clarita 0 |
TOP OF THE 6TH |
Monroe Mallards batting - Pitching for Santa Clarita Music : LHP Jorge Gatán
|
Batting: LHB Allen Boyd
|
0-0: Called Strike 0-1: Ball 1-1: Foul Ball, location: 2F 1-2: Ball 2-2: Strikes out swinging
|
Batting: RHB Cisco López
|
0-0: Ball 1-0: Fly out, F8 (Flyball, 8LM)
|
Batting: LHB Frank Byrd
|
0-0: Ball 1-0: Foul Ball, location: 2F 1-1: Foul Ball, location: 2F 1-2: Ball 2-2: Fly out, F7 (Flyball, 7)
|
Top of the 6th over - 0 run(s), 0 hit(s), 0 error(s), 0 left on base; Monroe 1 - Santa Clarita 0 |
BOTTOM OF THE 6TH |
Santa Clarita Music batting - Pitching for Monroe Mallards : RHP Stan Roberts
|
Batting: RHB Luis Suárez
|
0-0: Called Strike 0-1: Foul Ball, location: 2F 0-2: Ball 1-2: Ball 2-2: Ball 3-2: Fly out, F7 (Flyball, 7S)
|
Batting: RHB António Martínez
|
0-0: Foul Ball, location: 2F 0-1: Foul Ball, location: 2F 0-2: Foul Ball, location: 2F 0-2: Ball 1-2: Ball 2-2: Ball 3-2: SINGLE (Groundball, 6MD)
|
Pitching: RHP Ryan Crow
|
|
Batting: RHB Rickey Núñez
|
0-0: Ball 1-0: Fly out, F9 (Flyball, 9LD)
|
Batting: LHB Francisco Blanco
|
0-0: Foul Ball, location: 2F 0-1: Swinging Strike 0-2: Ball 1-2: Strikes out swinging
|
Bottom of the 6th over - 0 run(s), 1 hit(s), 0 error(s), 1 left on base; Monroe 1 - Santa Clarita 0 |
TOP OF THE 7TH |
Monroe Mallards batting - Pitching for Santa Clarita Music : LHP Jorge Gatán
|
Pitching: LHP Ray Karl
|
|
Batting: LHB Ramón Ortega
|
0-0: Ball 1-0: Called Strike 1-1: Ground out 4-3 (Groundball, 4)
|
Batting: RHB Jorge Vázquez
|
0-0: Ball 1-0: Ball 2-0: Fly out, F5 (Popup, 56D)
|
Batting: SHB António Cervantes
|
0-0: Ball 1-0: Called Strike 1-1: Ball 2-1: Foul Ball, location: 2F 2-2: Strikes out looking
|
Top of the 7th over - 0 run(s), 0 hit(s), 0 error(s), 0 left on base; Monroe 1 - Santa Clarita 0 |
BOTTOM OF THE 7TH |
Santa Clarita Music batting - Pitching for Monroe Mallards : RHP Ryan Crow
|
Batting: SHB Stan Gómez
|
0-0: Ground out 4-3 (Groundball, 4)
|
Batting: LHB Ben Donaldson
|
0-0: Ball 1-0: Foul Ball, location: 2F 1-1: Foul Ball, location: 2F 1-2: Ball 2-2: Strikes out swinging
|
Batting: SHB Pedro Rodríguez
|
0-0: Called Strike 0-1: Ball 1-1: Fly out, F8 (Flyball, 8LD)
|
Bottom of the 7th over - 0 run(s), 0 hit(s), 0 error(s), 0 left on base; Monroe 1 - Santa Clarita 0 |
TOP OF THE 8TH |
Monroe Mallards batting - Pitching for Santa Clarita Music : LHP Ray Karl
|
Batting: RHB Héctor Vega
|
0-0: Ball 1-0: Foul Ball, location: 2F 1-1: Ground out 6-3 (Groundball, 6)
|
Batting: RHB Stephen Black
|
0-0: Swinging Strike 0-1: Swinging Strike 0-2: Strikes out swinging
|
Batting: RHB Dave Sawyer
|
0-0: Fly out, F9 (Flyball, 9S)
|
Top of the 8th over - 0 run(s), 0 hit(s), 0 error(s), 0 left on base; Monroe 1 - Santa Clarita 0 |
BOTTOM OF THE 8TH |
Santa Clarita Music batting - Pitching for Monroe Mallards : RHP Ryan Crow
|
Now at 3B: Roberto Sánchez
|
|
Batting: RHB Tony Collier
|
0-0: Swinging Strike 0-1: Ball 1-1: Called Strike 1-2: Strikes out swinging
|
Batting: RHB Sebastião Batissela
|
0-0: Called Strike 0-1: Called Strike 0-2: Ball 1-2: Ball 2-2: Ball 3-2: Strikes out swinging
|
Batting: RHB Luis Suárez
|
0-0: Fly out, F7 (Flyball, 7S)
|
Bottom of the 8th over - 0 run(s), 0 hit(s), 0 error(s), 0 left on base; Monroe 1 - Santa Clarita 0 |
TOP OF THE 9TH |
Monroe Mallards batting - Pitching for Santa Clarita Music : LHP Ray Karl
|
Pitching: LHP Pedro Beleza
|
|
Batting: LHB Allen Boyd
|
0-0: Ball 1-0: Fly out, F7 (Flyball, 78M)
|
Batting: RHB Cisco López
|
0-0: Called Strike 0-1: Called Strike 0-2: Strikes out swinging
|
Batting: LHB Frank Byrd
|
0-0: Swinging Strike 0-1: Called Strike 0-2: Strikes out swinging
|
Top of the 9th over - 0 run(s), 0 hit(s), 0 error(s), 0 left on base; Monroe 1 - Santa Clarita 0 |
BOTTOM OF THE 9TH |
Santa Clarita Music batting - Pitching for Monroe Mallards : RHP Ryan Crow
|
Pitching: LHP Alex Roberts
|
|
Batting: RHB António Martínez
|
0-0: Ball 1-0: Ball 2-0: Ball 3-0: Base on Balls
|
Pinch Hitting: SHB Ramiro Medrano
|
0-0: Ball 1-0: Ball 2-0: Foul Ball, location: 2F 2-1: Called Strike 2-2: Foul Ball, location: 2F 2-2: Foul Ball, location: 2F 2-2: Ball 3-2: SINGLE (Groundball, 34) António Martínez to second Runner from 2nd tries for 3rd, SAFE, throw made to third Ramiro Medrano to second
|
Pinch Hitting: RHB Jesús Morales
|
0-0: Foul Ball, location: 2F 0-1: Ball 1-1: Ball 2-1: Ball 3-1: Fly out, F6 (Popup, 6D)
|
Pinch Hitting: RHB Greg Grant
|
0-0: Ground out 4-3 (Groundball, 4)
|
Batting: LHB Ben Donaldson
|
0-0: Ball 1-0: Ground out 3-1 (Groundball, 34)
|
Bottom of the 9th over - 0 run(s), 1 hit(s), 0 error(s), 2 left on base; Monroe 1 - Santa Clarita 0 |
|